3144 views
Uploaded 2020-03-30 16:51:38
Game version 1.32.3
26:07 long 1on1 ladder game on (2)ConcealedHill
Saved by Lakuza
3144 views
Uploaded 2020-03-30 16:51:38
Game version 1.32.3
26:07 long 1on1 ladder game on (2)ConcealedHill

53 units @ 7.9k
/ 0.8k
16 buildings @ 2k
/ 0.9k



| Scroll of Regeneration | 1 | 100 |
| Orb of Fire | 1 | 325 |
| Boots of Speed | 1 | 250 |
| total: | 3 | 675g |
| Peasant | 12 | 900 | / | 0 |
| Footman | 5 | 675 | / | 0 |
| Rifleman | 19 | 3895 | / | 570 |
| Priest | 12 | 1620 | / | 120 |
| Sorceress | 5 | 775 | / | 100 |
| total: | 53 | 7865g | / | 790w |
| Scout Tower | 1 | 30 | / | 20 |
| Arcane Tower | 1 | 70 | / | 50 |
| Altar of Kings | 1 | 180 | / | 50 |
| Farm | 8 | 640 | / | 160 |
| Barracks | 1 | 160 | / | 60 |
| Arcane Vault | 1 | 130 | / | 30 |
| Blacksmith | 1 | 140 | / | 60 |
| Town Hall | 1 | 385 | / | 205 |
| Arcane Sanctum | 2 | 300 | / | 280 |
| Keep | 1 | 320 | / | 210 |
| Castle | 1 | 360 | / | 210 |
| total: | 16 | 1965g | / | 865w |
| 0:01 | Peasant |
| 0:04 | Altar of Kings |
| 0:14 | Peasant |
| 0:18 | Farm |
| 0:26 | Barracks |
| 0:29 | Peasant |
| 0:40 | Farm |
| 0:44 | Peasant |
| 1:10 | Peasant |
| 1:11 | Peasant |
| 1:26 | Scout Tower |
| 1:36 | Footman |
| 1:38 | Footman |
| 1:41 | Peasant |
| 1:41 | Peasant |
| 1:46 | Farm |
| 1:54 | Peasant |
| 2:06 | Summon Water Elemental |
| 2:28 | Footman |
| 2:30 | Peasant |
| 2:30 | Peasant |
| 3:06 | Footman |
| 3:07 | Peasant |
| 3:09 | Farm |
| 3:19 | Brilliance Aura |
| 3:28 | Arcane Vault |
| 3:40 | Footman |
| 3:45 | Keep |
| 4:16 | Blacksmith |
| 4:18 | Arcane Tower |
| 5:15 | Boots of Speed |
| 5:18 | Summon Water Elemental |
| 5:25 | Farm |
| 5:28 | Scroll of Regeneration |
| 5:45 | Rifleman |
| 6:02 | Rifleman |
| 6:17 | Rifleman |
| 6:19 | Arcane Sanctum |
| 6:35 | Rifleman |
| 7:32 | Rifleman |
| 7:35 | Farm |
| 7:48 | Priest |
| 8:03 | Storm Bolt |
| 8:42 | Rifleman |
| 8:44 | Priest |
| 9:18 | Rifleman |
| 9:21 | Priest |
| 9:33 | Rifleman |
| 9:39 | Farm |
| 10:37 | Castle |
| 10:38 | Black Gunpowder |
| 11:14 | Rifleman |
| 11:15 | Rifleman |
| 11:20 | Priest |
| 11:20 | Priest |
| 11:44 | Priest |
| 11:51 | Thunder Clap |
| 11:57 | Rifleman |
| 12:01 | Priest |
| 12:11 | Brilliance Aura |
| 12:34 | Priest |
| 12:37 | Arcane Sanctum |
| 12:49 | Priest Adept Training |
| 13:06 | Long Rifles |
| 13:07 | Refined Gunpowder |
| 13:30 | Orb of Fire |
| 13:40 | Rifleman |
| 13:42 | Farm |
| 13:54 | Priest |
| 14:11 | Storm Bolt |
| 14:37 | Rifleman |
| 14:39 | Priest |
| 14:39 | Sorceress |
| 15:08 | Summon Water Elemental |
| 15:37 | Sorceress |
| 15:38 | Sorceress |
| 15:39 | Rifleman |
| 15:46 | Bash |
| 16:19 | Rifleman |
| 16:21 | Priest |
| 16:22 | Sorceress |
| 16:46 | Priest Master Training |
| 17:54 | Rifleman |
| 17:54 | Rifleman |
| 18:22 | Rifleman |
| 19:35 | Holy Light |
| 20:36 | Sorceress |
| 20:37 | Priest |
| 20:39 | Rifleman |
| 21:29 | Town Hall |
| 23:12 | Mass Teleport |
| Right click | 935 |
| Select | 533 |
| Select group | 465 |
| Build/train/purchase | 139 |
| Misc. action | 121 |
| Assign group | 73 |
| Use ability | 26 |
| Chat | 13 |
| Esc | 4 |
| Remove unit | 3 |
| Item give/drop | 1 |
39 units @ 6.8k
/ 1.2k
14 buildings @ 2.2k
/ 0.8k



| Rod of Necromancy | 3 | 450 |
| Potion of Mana | 5 | 1000 |
| Orb of Corruption | 1 | 375 |
| Ritual Dagger | 3 | 375 |
| Potion of Healing | 4 | 600 |
| Scroll of Town Portal | 3 | 1050 |
| total: | 19 | 3850g |
| Acolyte | 9 | 675 | / | 0 |
| Ghoul | 4 | 480 | / | 0 |
| Crypt Fiend | 16 | 3440 | / | 640 |
| Obsidian Statue | 4 | 800 | / | 140 |
| Abomination | 6 | 1440 | / | 420 |
| total: | 39 | 6835g | / | 1200w |
| Spirit Tower | 1 | 145 | / | 40 |
| Graveyard | 1 | 215 | / | 0 |
| Crypt | 1 | 200 | / | 50 |
| Altar of Darkness | 1 | 180 | / | 50 |
| Ziggurat | 7 | 1050 | / | 350 |
| Tomb of Relics | 2 | 260 | / | 60 |
| Slaughterhouse | 2 | 280 | / | 270 |
| Halls of the Dead | 1 | 320 | / | 210 |
| Black Citadel | 1 | 325 | / | 230 |
| total: | 14 | 2185g | / | 780w |
| 0:06 | Acolyte |
| 0:07 | Acolyte |
| 0:12 | Graveyard |
| 0:21 | Crypt |
| 0:50 | Altar of Darkness |
| 0:59 | Ziggurat |
| 1:06 | Acolyte |
| 1:22 | Ghoul |
| 1:46 | Tomb of Relics |
| 1:54 | Crypt Fiend |
| 2:22 | Crypt Fiend |
| 2:50 | Death Coil |
| 2:52 | Rod of Necromancy |
| 3:06 | Halls of the Dead |
| 3:22 | Ziggurat |
| 3:53 | Unholy Aura |
| 4:12 | Ziggurat |
| 4:15 | Creature Attack |
| 4:19 | Crypt Fiend |
| 5:07 | Ghoul |
| 5:17 | Death Coil |
| 5:26 | Crypt Fiend |
| 5:54 | Crypt Fiend |
| 6:48 | Slaughterhouse |
| 6:51 | Black Citadel |
| 6:58 | Potion of Mana |
| 7:00 | Rod of Necromancy |
| 7:10 | Ziggurat |
| 7:36 | Frost Armor |
| 7:52 | Burrow |
| 7:52 | Crypt Fiend |
| 8:09 | Web |
| 8:52 | Frost Nova |
| 9:07 | Crypt Fiend |
| 9:19 | Crypt Fiend |
| 9:21 | Obsidian Statue |
| 9:21 | Obsidian Statue |
| 9:26 | Abomination |
| 9:39 | Orb of Corruption |
| 9:50 | Scroll of Town Portal |
| 10:51 | Unholy Aura |
| 11:33 | Impale |
| 11:53 | Scroll of Town Portal |
| 12:08 | Crypt Fiend |
| 12:11 | Disease Cloud |
| 12:12 | Abomination |
| 12:34 | Ziggurat |
| 12:36 | Ziggurat |
| 12:36 | Ziggurat |
| 12:38 | Acolyte |
| 12:47 | Frost Nova |
| 13:05 | Improved Creature Attack |
| 13:22 | Creature Carapace |
| 13:28 | Crypt Fiend |
| 13:42 | Spiked Carapace |
| 15:01 | Death Coil |
| 15:27 | Crypt Fiend |
| 15:40 | Acolyte |
| 15:41 | Acolyte |
| 15:41 | Acolyte |
| 15:42 | Acolyte |
| 15:42 | Acolyte |
| 16:04 | Spirit Tower |
| 16:25 | Abomination |
| 16:49 | Potion of Mana |
| 16:50 | Ritual Dagger |
| 17:03 | Crypt Fiend |
| 17:20 | Potion of Healing |
| 17:53 | Potion of Mana |
| 18:27 | Crypt Fiend |
| 18:28 | Abomination |
| 18:30 | Obsidian Statue |
| 18:30 | Obsidian Statue |
| 18:39 | Ritual Dagger |
| 18:47 | Potion of Healing |
| 19:13 | Potion of Mana |
| 20:32 | Abomination |
| 20:54 | Frost Armor |
| 21:19 | Crypt Fiend |
| 21:39 | Slaughterhouse |
| 21:45 | Tomb of Relics |
| 22:22 | Animate Dead |
| 22:48 | Ghoul |
| 22:49 | Ghoul |
| 23:09 | Scroll of Town Portal |
| 23:09 | Ritual Dagger |
| 23:09 | Potion of Mana |
| 23:10 | Potion of Healing |
| 23:14 | Rod of Necromancy |
| 23:18 | Potion of Healing |
| 23:29 | Crypt Fiend |
| 23:42 | Crypt Fiend |
| 24:08 | Abomination |
| 24:25 | Impale |
| 25:57 | Frost Nova |
| Right click | 1186 |
| Select group | 519 |
| Select | 481 |
| Build/train/purchase | 130 |
| Misc. action | 92 |
| Use ability | 83 |
| Assign group | 37 |
| Item give/drop | 6 |
| Remove unit | 2 |
| Esc | 2 |
โ